 Dungeon Crawl Stone Soup version 0.16-a0-2822-gb1d3efb (console) character file.

317582 nht the Sniper (level 20, -21/184 (185) HPs)
             Began as a Minotaur Hunter on Nov 27, 2014.
             Was the Champion of Okawaru.
             Shot themself with a bolt (29 damage)
             ... on level 5 of the Vaults on Nov 28, 2014.
             The game lasted 01:37:39 (44805 turns).

nht the Sniper (Minotaur Hunter)                   Turns: 44805, Time: 01:37:40

HP:   -21/184 (185) AC: 37    Str: 24    XL:     20   Next: 90%
MP:   29/29         EV: 15    Int: 11    God:    Okawaru [******]
Gold: 2251          SH:  0    Dex: 21    Spells: 0 memorised, 19 levels left

rFire  + . .     SeeInvis +     b - +6 arbalest "Zoqomuro" {freeze, +Inv rN+}
rCold  . . .     Clarity  .     G - +1 crystal plate armour
rNeg   + + .     SustAb   .     (no shield)
rPois  .         Gourm    .     i - +1 hat {MR+}
rElec  +         Spirit   .     K - +2 cloak {MR+}
rCorr  .         Warding  .     S - +1 pair of gloves of Amorality {rF+ rN+ Slay+4 SInv}
rMut   .         Stasis   .     d - +2 pair of boots {Fly}
MR     +++..                    g - amulet of faith
Stlth  ..........               Z - ring "Skocvol" {Str+1 Int+3 Slay+6}
                                X - ring of Ducaohaf {+cTele rElec Str+3 Dex+2}

@: lethally poisoned, extremely resistant to hostile enchantments, extremely
unstealthy
A: retaliatory headbutt, horns 2, thin skeletal structure 1
a: Heroism, Finesse, Renounce Religion, Evoke Invisibility, Evoke Flight, Evoke
Teleport Control
}: 1/15 runes: gossamer


You were on level 5 of the Vaults.
You worshipped Okawaru.
Okawaru was exalted by your worship.
You were not hungry.

You visited 5 branches of the dungeon, and saw 37 of its levels.
You visited 1 bazaar.
You also visited: Labyrinth, Bailey and Ice Cave.

You collected 7018 gold pieces.
You spent 4767 gold pieces at shops.

Inventory:

Hand weapons
 a - a +2 demon blade of electrocution
 b - the +6 arbalest "Zoqomuro" (weapon) {freeze, +Inv rN+}
   (Okawaru gifted it to you on level 3 of the Spider Nest)

   It turns projectiles fired from it into bolts of frost.
   It protects you from negative energy.
   It lets you turn invisible.
 p - the +8 dagger "Edoilagi" {pierce, Str+3 Stlth+}
   (You found it on level 6 of the Dungeon)

   It inflicts extra damage upon your enemies.
   It affects your strength (+3).
   It makes you more stealthy.
Missiles
 c - 578 bolts (quivered)
 j - 60 bolts of penetration
 o - 97 bolts of flame
 B - 41 bolts of frost
 P - 121 steel bolts
 Q - 53 poisoned bolts
 U - 73 silver bolts
Armour
 d - a +2 pair of boots of flying (worn)
 i - a +1 hat of magic resistance (worn)
 G - a +1 crystal plate armour (worn)
 K - a +2 cloak of magic resistance (worn)
 S - the +1 pair of gloves of Amorality (worn) {rF+ rN+ Slay+4 SInv}
   (Okawaru gifted it to you on level 6 of the Lair of Beasts)

   It affects your accuracy and damage with ranged weapons and melee attacks
   (+4).
   It protects you from fire.
   It protects you from negative energy.
   It enhances your eyesight.
 V - a +0 ice dragon armour
 W - the +8 ring mail "Voychowe" {rF+ SInv}
   (You bought it in a shop on level 4 of the Orcish Mines)

   It protects you from fire.
   It enhances your eyesight.
Rods
 y - a +7 lightning rod (10/10)
   (You took it off a vault guard on level 5 of the Vaults)
Jewellery
 g - an amulet of faith (around neck)
 h - an uncursed ring of positive energy
 J - an uncursed ring of stealth
 M - the amulet "Pnum" {rMut Int-3 Dex+2}
   (You bought it in a shop in a bazaar)

   [amulet of resist mutation]

   It protects you from mutation.
   It affects your intelligence (-3).
   It affects your dexterity (+2).
 T - an uncursed ring of teleportation
 X - the ring of Ducaohaf (left hand) {+cTele rElec Str+3 Dex+2}
   (You found it in an ice cave)

   [ring of teleport control]

   It can be evoked for teleport control.
   It affects your strength (+3).
   It affects your dexterity (+2).
   It insulates you from electricity.
 Y - the ring of the Harvest {rF+ MR+ Int+2 Slay+4}
   (You took it off a vault guard on level 5 of the Vaults)

   [ring of protection from magic]

   It affects your intelligence (+2).
   It affects your accuracy and damage with ranged weapons and melee attacks
   (+4).
   It protects you from fire.
   It affects your resistance to hostile enchantments.
 Z - the ring "Skocvol" (right hand) {Str+1 Int+3 Slay+6}
   (You found it in an ice cave)

   [ring of slaying]

   It affects your strength (+1).
   It affects your intelligence (+3).
   It affects your accuracy and damage with ranged weapons and melee attacks
   (+6).
Magical devices
 v - a wand of digging (12)
 x - a wand of teleportation (2)
 E - a wand of disintegration (11)
 O - a wand of polymorph (18)
Scrolls
 e - a scroll of fog
 m - 16 scrolls of remove curse
 q - 3 scrolls of identify
 s - a scroll of blinking
 A - 7 scrolls of enchant weapon
 I - 7 scrolls of enchant armour
 L - 4 scrolls of recharging
Potions
 n - a potion of cure mutation
 r - 3 potions of haste
 t - 2 potions of resistance
 z - 4 potions of cancellation
 C - 6 potions of restore abilities
 D - 2 potions of agility
 F - a potion of might
 H - a potion of invisibility
Comestibles
 f - 20 bread rations
 k - 10 slices of pizza
 l - 20 meat rations


   Skills:
 + Level 17.6 Fighting
 * Level 26.6 Crossbows
 + Level 17.6 Armour
 + Level 16.5 Dodging
 - Level 0.7 Stealth
 - Level 11.0 Invocations


You had 19 spell levels left.
You didn't know any spells.

Dungeon Overview and Level Annotations

Branches:
Dungeon (15/15) Temple (0/1) D:5 D:7 Lair (8/8) D:8 Shoals (0/5) Lair:6 Spider (5/5) Lair:3 Slime (0/6) Lair:7 Orc (4/4) D:10 Elf (0/3) Orc:3 Vaults (5/5) D:14 Crypt (0/3) Vaults:2 Depths (0/5) D:15

Altars:
Ashenzari
Cheibriados
Gozag
Kikubaaqudgha
Makhleb
Nemelex Xobeh
Okawaru
Ru
Sif Muna
Trog
Vehumet
Xom
Zin

Shops:
D:5 %   D:6 %   D:12 [   D:15 =   Orc:2 *   Orc:4 :[[(   Vaults:1 :
Vaults:2 (*[   Vaults:5 [

Annotations:
D:8 scourge ctele
Lair:3 exclusion: oklob plant


Innate Abilities, Weirdness & Mutations

You reflexively headbutt those who attack you in melee.
You have a pair of horns on your head.
You have a somewhat thin skeletal structure (Dex +2, Stealth).


Message History

The tengu reaver hits you but does no damage.
The tengu reaver pecks you but does no damage.
The tengu reaver claws you but does no damage.
Firing (i - inventory. (,) - cycle):
c - 579 bolts (quivered)
Press: ? - help, Shift-Dir - straight line, f/p - tengu reaver
Aim: a tengu reaver, wielding a long sword of protection, wearing a shiny scale mail and wearing a buckler of reflection (almost dead, poisoned)
You shoot a bolt.
The tengu reaver reflects the bolt off its buckler of reflection!
The bolt hits you but does no damage.
You feel sick.
The vault warden activates a sealing rune. x2
The tengu reaver hits you but does no damage.
The tengu reaver pecks you but does no damage.
The tengu reaver claws you but does no damage.
Firing (i - inventory. (,) - cycle):
c - 578 bolts (quivered)
Press: ? - help, Shift-Dir - straight line, f/p - tengu reaver
Aim: a tengu reaver, wielding a long sword of protection, wearing a shiny scale mail and wearing a buckler of reflection (almost dead, poisoned)
You shoot a bolt.
The tengu reaver reflects the bolt off its buckler of reflection!
The bolt hits you!!
You die...

█.███████....█.........HC
██)██.|██....█...........(
██.[...█....█...██+██C.██+
██....█....█...█...█..█ ..
██ ██))██....█...█. .█..█
.█ .███.████....█...█ █..█
..█)██ █.[..█...█████(.█
...██ █....█.....§......
...█ █....█..p(§(p.(...
...██ █....█..Q██'██..██
..█.██ █....█..@█ .█
████.██ █....█...█ █
██.███....█...█████..
██.██....█...........
██[................
███████[.......█████████
.......)............
.........[<<.(.......
()....[..<..<........
.[.[......<<.........
██████.........██████ ███
███ ███


You could see a vault warden and a tengu reaver.

Vanquished Creatures
  An ancient lich (Vaults:5)
  Mara (Spider:4)
  A golden dragon (Vaults:5)
  Xtahua (Vaults:4)
  Arachne (Spider:4)
  4 tentacled monstrosities (Vaults:5)
  4 titans (Vaults:5)
  A quicksilver dragon (Vaults:5)
  6 sphinxes
  A lich (Vaults:4)
  4 tengu reavers
  An ancient champion (Vaults:2)
  Rupert (Lair:7)
  2 shadow dragons (Vaults:5)
  Kirke (D:14)
  A storm dragon (D:12)
  A revenant (Vaults:2)
  3 fire giants
  3 ghost moths
  Maud (Spider:1)
  An iron dragon (Vaults:5)
  4 emperor scorpions
  16 vault wardens
  A frost giant (shapeshifter) (Vaults:2)
  Jorgrun (Vaults:3)
  2 war gargoyles (Vaults:5)
  A ghoul (Vaults:2)
  10 stone giants
  A very ugly thing (Vaults:3)
  Azrael (Spider:3)
  A deep elf annihilator (Vaults:1)
  Snorg (Orc:4)
  A fire dragon (Lair:8)
  7 ettins
  A minotaur (Lab)
  2 deep elf death magi (Vaults:5)
  30 vault guards
  3 deep elf high priests (Vaults:5)
  12 yaktaur captains
  The ghost of nht the Martial Artist, a powerful DrTm of Nemelex Xobeh (Lair:5)
  15 ironheart preservers
  8 hydras
  4 ice dragons
  A rakshasa (Vaults:1)
  15 ogre magi
  2 deep troll earth magi
  4 centaur warriors
  Nergalle (Lair:5)
  3 fire crabs
  4 shadow wraiths
  3 deep elf knights
  2 giant orange brains
  A storm dragon skeleton (Vaults:2)
  10 deep trolls
  3 unseen horrors
  2 ice statues (IceCv)
  A deep elf summoner (Vaults:1)
  4 necromancers
  14 wolf spider zombies (Spider:3)
  Pikel (D:7)
  12 hill giants
  36 wolf spiders
  2 deep elf conjurers (Vaults:5)
  A lindwurm (shapeshifter) (Vaults:5)
  9 cyclopes
  5 red wasps
  11 orc knights
  22 orb spiders
  A faun (shapeshifter) (Vaults:2)
  6 griffons
  A mana viper (shapeshifter) (Vaults:3)
  A manticore (shapeshifter) (D:14)
  2 manticores (D:12)
  3 orc sorcerers
  3 phantasmal warriors
  3 moths of wrath
  10 ironbrand convokers
  3 centaur zombies
  A moth of wrath (shapeshifter) (Vaults:5)
  An oklob plant (Lair:7)
  A frost giant zombie (Vaults:1)
  8 ugly things
  A guardian serpent (shapeshifter) (Vaults:5)
  Maurice (Orc:4)
  Joseph (Orc:2)
  4 elephants (Lair:6)
  4 torpor snails
  14 vault sentinels
  A queen ant (Spider:5)
  An orange demon (Vaults:2)
  Psyche (D:12)
  39 yaktaurs
  10 fire drakes
  A gargoyle (D:12)
  5 black mambas
  18 spiny frogs
  18 komodo dragons
  4 freezing wraiths
  An efreet (D:12)
  5 deep elf priests
  A silent spectre (Vaults:2)
  14 demonic crawlers
  A giant leech (shapeshifter) (Vaults:2)
  A queen bee (shapeshifter) (D:14)
  25 jumping spiders
  2 polar bears
  A wandering mushroom (Lab)
  15 trolls
  The ghost of kroki the Cudgeler, an experienced VSWr (D:5)
  17 two-headed ogres
  Grinder (D:5)
  A stone giant simulacrum (Vaults:2)
  5 boulder beetles
  2 ravens (Lair:6)
  23 slime creatures
  A blink frog (shapeshifter) (Vaults:3)
  14 tarantella zombies (Spider:3)
  2 centaur simulacra
  A shadow (D:12)
  A vampire (D:15)
  8 blink frogs
  13 deep elf magi
  28 trapdoor spiders
  2 water elementals (D:12)
  54 redbacks
  9 basilisks
  32 tarantellas
  2 wraiths
  A wolf (shapeshifter) (Vaults:4)
  7 wyverns
  3 fire elementals (Spider:3)
  Eustachio (D:10)
  A spriggan (shapeshifter) (Vaults:5)
  3 hungry ghosts
  11 deep elf fighters
  2 steam dragons (Lair:8)
  53 yaks
  A human (shapeshifter) (D:14)
  8 wolves
  19 hippogriffs
  4 hogs (D:14)
  4 wargs
  Edmund (D:5)
  6 hell hounds
  16 vampire mosquitoes
  4 mottled dragons
  5 soldier ants (Spider:5)
  13 water moccasins
  An ogre skeleton (Vaults:4)
  2 phantoms
  18 ice beasts
  A dwarf (shapeshifter) (D:13)
  An eye of draining (D:12)
  2 human zombies
  2 swamp drakes (Lair:8)
  5 necrophages
  14 spiders
  2 yellow wasps
  A slave (D:7)
  3 black bears
  41 orc warriors
  9 porcupines
  5 sky beasts
  54 ogres
  An elf skeleton (Vaults:2)
  A lost soul (Vaults:5)
  13 centaurs
  2 boring beetles
  14 crocodiles
  15 giant frogs
  2 yaktaur skeletons
  2 earth elementals (Lab)
  5 spider zombies (Spider:3)
  A wyvern zombie (D:9)
  3 human skeletons
  A brain worm (Lair:6)
  A warg zombie (Vaults:2)
  7 killer bees
  A wyvern skeleton (D:12)
  10 scorpions
  2 troll zombies (Vaults:2)
  A human simulacrum (Vaults:3)
  6 electric eels
  2 quasits
  7 crimson imps
  4 jellies
  A yaktaur simulacrum (Vaults:1)
  Crazy Yiuf (D:2)
  3 giant frog skeletons
  A gnoll shaman (D:5)
  4 centaur skeletons
  24 orc priests
  24 orc wizards
  11 iguanas
  2 spectral orcs (Lair:5)
  9 hounds
  32 worker ants
  4 orange rats (Vaults:1)
  A boulder beetle simulacrum (Vaults:2)
  30 sheep
  Ijyb (D:5)
  4 ogre zombies (Vaults:1)
  Robin (D:2)
  29 adders
  19 gnolls
  36 river rats
  4 shadow imps
  5 giant mites
  5 worms
  An adder skeleton (D:9)
  3 giant geckos
  170 orcs
  A bat skeleton (D:4)
  A bat zombie (D:6)
  20 goblins
  19 hobgoblins
  14 jackals
  18 kobolds
  11 quokkas
  16 bats
  9 giant cockroaches
  A giant gecko skeleton (D:7)
  A giant gecko zombie (D:5)
  5 giant newts
  3 giant spores
  A jackal skeleton (D:7)
  5 orc zombies
  21 rats
  8 ballistomycetes
  4 crawling corpses
  6 fungi
  5 plants
1801 creatures vanquished.

Vanquished Creatures (others)
  A ghost moth (Spider:5)
  A human (D:14)
  A yak (Lair:8)
  An ogre (Vaults:1)
  A human zombie (Vaults:1)
  A lost soul (Vaults:5)
  An electric eel (Spider:4)
  A two-headed ogre zombie (Vaults:1)
  An ogre zombie (Vaults:1)
  An orc zombie (Vaults:1)
  A giant spore (D:7)
  3 fungi
  3 plants
17 creatures vanquished.

Grand Total: 1818 creatures vanquished

Notes
Turn   | Place    | Note
--------------------------------------------------------------
     0 | D:1      | nht, the Minotaur Hunter, began the quest for the Orb.
     0 | D:1      | Reached XP level 1. HP: 18/18 MP: 1/1
   205 | D:1      | Reached XP level 2. HP: 15/25 MP: 1/1
   214 | D:1      | Reached skill level 5 in Crossbows
   725 | D:2      | HP: 1/25 [worm (7)]
   734 | D:2      | Reached XP level 3. HP: 2/30 MP: 2/2
  1196 | D:2      | Reached skill level 6 in Crossbows
  1239 | D:2      | Reached XP level 4. HP: 23/37 MP: 2/2
  1389 | D:2      | Noticed Robin
  1399 | D:2      | Killed Robin
  1508 | D:2      | Found a sparkling altar of Nemelex Xobeh.
  1511 | D:2      | Found a deep blue altar of Sif Muna.
  1514 | D:2      | Found an opulent altar of Gozag.
  1557 | D:2      | Noticed Crazy Yiuf
  1563 | D:2      | Killed Crazy Yiuf
  1563 | D:2      | Reached skill level 7 in Crossbows
  1563 | D:2      | Reached XP level 5. HP: 34/42 MP: 2/2
  2559 | D:3      | Reached skill level 8 in Crossbows
  2559 | D:3      | Reached XP level 6. HP: 41/50 MP: 3/3
  2576 | D:3      | Found an iron altar of Okawaru.
  2586 | D:3      | Became a worshipper of Warmaster Okawaru
  2825 | D:4      | Found a snail-covered altar of Cheibriados.
  3206 | D:4      | Reached skill level 9 in Crossbows
  3341 | D:4      | Reached XP level 7. HP: 56/56 MP: 3/3
  3787 | D:5      | Entered Level 5 of the Dungeon
  3802 | D:5      | Found a staircase to the Ecumenical Temple.
  3954 | D:5      | Noticed Grinder
  3955 | D:5      | Paralysed by Grinder for 6 turns
  3967 | D:5      | Killed Grinder
  3967 | D:5      | Acquired Okawaru's first power
  3967 | D:5      | Reached skill level 10 in Crossbows
  4089 | D:5      | Noticed kroki's ghost (experienced VSWr)
  4111 | D:5      | Killed kroki's ghost
  4111 | D:5      | Reached skill level 11 in Crossbows
  4111 | D:5      | Reached XP level 8. HP: 46/62 MP: 1/3
  4155 | D:5      | Found Ilaa's Food Shoppe.
  4158 | D:5      | Noticed Ijyb
  4269 | D:6      | Found an ancient bone altar of Kikubaaqudgha.
  4465 | D:6      | Got a blackened dagger
  4467 | D:6      | Identified the +8 dagger "Edoilagi" {pierce, Str+3 Stlth+} (You found it on level 6 of the Dungeon)
  4501 | D:6      | Found Thohuh Selub's Food Shoppe.
  5019 | D:5      | Killed Ijyb
  5057 | D:5      | Reached skill level 1 in Invocations
  5092 | D:5      | Reached skill level 1 in Armour
  5188 | D:5      | Noticed Edmund
  5206 | D:5      | Killed Edmund
  5310 | D:5      | Found a sacrificial altar of Ru.
  5530 | D:5      | Reached skill level 12 in Crossbows
  5562 | D:7      | Found a shattered altar of Ashenzari.
  5592 | D:7      | Found a staircase to the Ecumenical Temple.
  5637 | D:7      | Found a bloodstained altar of Trog.
  5895 | D:7      | Found an opulent altar of Gozag.
  6056 | D:7      | Noticed Pikel
  6065 | D:7      | Killed Pikel
  6065 | D:7      | Reached XP level 9. HP: 67/71 MP: 5/7
  6435 | D:8      | Found a glowing silver altar of Zin.
  6435 | D:8      | Noticed an angel
  6436 | D:8      | Found a shimmering altar of Xom.
  6661 | D:8      | Found a staircase to the Lair.
  6827 | D:9      | Found a radiant altar of Vehumet.
  6828 | D:9      | Found an iron altar of Okawaru.
  7007 | D:9      | Reached skill level 5 in Fighting
  7170 | D:9      | Reached skill level 13 in Crossbows
  7232 | D:9      | Reached skill level 5 in Dodging
  7404 | D:9      | Reached XP level 10. HP: 68/81 MP: 11/11
  7629 | D:10     | Entered Level 10 of the Dungeon
  7757 | D:10     | Found a flagged portal.
  7773 | Bailey   | Entered a bailey
  8068 | Bailey   | Reached skill level 5 in Armour
  8082 | Bailey   | Received a gift from Okawaru
  8116 | Bailey   | Noticed an orc knight
  8140 | Bailey   | Killed an orc knight
  8269 | Bailey   | Noticed an orc knight
  8271 | Bailey   | Noticed an orc knight
  8293 | Bailey   | Killed an orc knight
  8320 | Bailey   | Killed an orc knight
  8320 | Bailey   | Received a gift from Okawaru
  8320 | Bailey   | Reached skill level 5 in Invocations
  8490 | D:10     | Noticed Eustachio
  8522 | D:10     | Killed Eustachio
  8587 | D:10     | Found a staircase to the Orcish Mines.
  8774 | D:10     | Noticed a hill giant
  8806 | D:10     | Killed a hill giant
  8806 | D:10     | Reached skill level 14 in Crossbows
  9028 | D:10     | Acquired Okawaru's second power
  9033 | D:10     | Received a gift from Okawaru
  9332 | D:11     | Noticed a hill giant
  9386 | D:10     | Reached XP level 11. HP: 91/91 MP: 14/14
  9412 | D:11     | Gained mutation: You have a somewhat thin skeletal structure (Dex +2, Stealth). [potion of beneficial mutation]
  9485 | D:11     | Killed a hill giant
  9485 | D:11     | Received a gift from Okawaru
  9503 | D:11     | Noticed a cyclops
  9513 | D:11     | fucking jellies
  9858 | D:11     | Identified a scroll of acquirement
  9984 | D:11     | Killed a cyclops
 10248 | Orc:1    | Entered Level 1 of the Orcish Mines
 11724 | Lair:1   | Entered Level 1 of the Lair of Beasts
 11724 | Lair:1   | Noticed an eight-headed hydra
 11843 | Lair:1   | Received a gift from Okawaru
 11876 | Lair:1   | Reached skill level 15 in Crossbows
 12388 | Lair:2   | Received a gift from Okawaru
 13006 | Lair:1   | Reached XP level 12. HP: 58/102 MP: 18/18
 13311 | Lair:1   | Killed an eight-headed hydra
 14080 | Lair:3   | Noticed a seven-headed hydra
 14709 | Lair:3   | Found a hole to the Spider Nest.
 15156 | Lair:3   | Killed a seven-headed hydra
 15650 | Lair:3   | Reached skill level 16 in Crossbows
 16055 | Lair:4   | Found a labyrinth entrance.
 16062 | Lab      | Entered a labyrinth
 16243 | Lab      | Noticed a minotaur
 16253 | Lab      | Killed a minotaur
 16257 | Lab      | Got a smoking hand crossbow
 16258 | Lab      | Identified the cursed +0 hand crossbow of Integrity {speed, +Inv rElec} (You took it off a minotaur in a labyrinth)
 16366 | Lair:4   | Identified a cursed +4 rod of ignition (10/10) (You found it in a labyrinth)
 16688 | Lair:4   | Received a gift from Okawaru
 17560 | Lair:5   | Reached XP level 13. HP: 113/113 MP: 21/21
 17579 | Lair:5   | Reached skill level 10 in Fighting
 17714 | Lair:5   | Noticed nht's ghost (powerful DrTm)
 17719 | Lair:5   | Killed nht's ghost
 17732 | Lair:5   | Noticed Nergalle
 17742 | Lair:5   | Killed Nergalle
 18707 | Lair:6   | Found a staircase to the Shoals.
 18713 | Lair:6   | Received a gift from Okawaru
 18835 | Lair:6   | Reached skill level 10 in Armour
 18836 | Lair:6   | Received a gift from Okawaru
 18839 | Lair:6   | Reached skill level 17 in Crossbows
 18843 | Lair:6   | Received a gift from Okawaru
 18903 | Lair:6   | Got a pair of encrusted gloves {god gift}
 18909 | Lair:6   | Identified the +1 pair of gloves of Amorality {rF+ rN+ Slay+4 SInv} (Okawaru gifted it to you on level 6 of the Lair of Beasts)
 19409 | Lair:7   | Reached skill level 10 in Dodging
 19678 | Lair:7   | Found a staircase to the Slime Pits.
 19778 | Lair:7   | Noticed Rupert
 19784 | Lair:7   | Killed Rupert
 20022 | Lair:8   | Entered Level 8 of the Lair of Beasts
 20067 | Lair:8   | Reached XP level 14. HP: 124/124 MP: 23/23
 20238 | Lair:8   | Found a frozen archway.
 20298 | IceCv    | Entered an ice cave
 20510 | IceCv    | Got a slimy amber ring
 20518 | IceCv    | Got a wavering glass ring
 20673 | Lair:8   | Identified the ring of Ducaohaf {+cTele rElec Str+3 Dex+2} (You found it in an ice cave)
 20674 | Lair:8   | Identified the ring "Skocvol" {Str+1 Int+3 Slay+6} (You found it in an ice cave)
 20881 | Lair:8   | Received a gift from Okawaru
 21097 | Lair:8   | Received a gift from Okawaru
 21339 | Lair:8   | Received a gift from Okawaru
 21557 | Lair:8   | Reached skill level 10 in Invocations
 21580 | Lair:8   | Reached skill level 18 in Crossbows
 22941 | Orc:2    | Found Rofaug's Assorted Antiques.
 22944 | Orc:2    | Noticed Joseph
 22950 | Orc:2    | Killed Joseph
 22956 | Orc:2    | Bought a sharpened glass wand for 80 gold pieces
 22956 | Orc:2    | Bought a scroll of recharging for 190 gold pieces
 22956 | Orc:2    | Bought a scroll of enchant weapon for 150 gold pieces
 22956 | Orc:2    | Bought a scroll of recharging for 190 gold pieces
 23778 | Orc:3    | Found a staircase to the Elven Halls.
 24138 | Orc:4    | Entered Level 4 of the Orcish Mines
 24138 | Orc:4    | Noticed Maurice
 24160 | Orc:4    | Noticed Snorg
 24270 | Orc:4    | Killed Snorg
 24871 | Orc:4    | Killed Maurice
 24920 | Orc:4    | Found Cuifaz's Weapon Shoppe.
 24920 | Orc:4    | Found Rotewkon's Antique Armour Boutique.
 24920 | Orc:4    | Found Yvoit's Book Emporium.
 24920 | Orc:4    | Found Straemmae's Armour Shoppe.
 25032 | Orc:4    | Received a gift from Okawaru
 25050 | Orc:4    | Reached XP level 15. HP: 123/133 MP: 25/25
 25069 | Orc:4    | Received a gift from Okawaru
 25113 | Orc:4    | Bought a manual of Crossbows for 1545 gold pieces
 25122 | Orc:4    | Bought a pair of runed gloves for 126 gold pieces
 25122 | Orc:4    | Bought a polished ring mail for 252 gold pieces
 25282 | Orc:4    | Identified the +8 ring mail "Voychowe" {rF+ SInv} (You bought it in a shop on level 4 of the Orcish Mines)
 25581 | D:12     | Found a burning altar of Makhleb.
 25665 | D:12     | Reached skill level 19 in Crossbows
 25729 | D:12     | Found Iwawkul's Armour Emporium.
 25753 | D:12     | Noticed Psyche
 25755 | D:12     | Killed Psyche
 26066 | D:12     | Received a gift from Okawaru
 26161 | D:12     | Noticed a storm dragon
 26166 | D:12     | Reached skill level 20 in Crossbows
 26172 | D:12     | Killed a storm dragon
 26941 | D:13     | Reached skill level 21 in Crossbows
 27349 | D:14     | Found a gate to the Vaults.
 27593 | D:14     | Reached skill level 22 in Crossbows
 27649 | D:14     | Noticed Kirke
 27662 | D:14     | Killed Kirke
 27681 | D:14     | Received a gift from Okawaru
 28142 | D:15     | Entered Level 15 of the Dungeon
 28163 | D:15     | Got a crude chain mail
 28183 | D:14     | Identified the cursed -6 chain mail "Seerayq" {Str+2 Int+4} (You found it on level 15 of the Dungeon)
 28206 | D:15     | Found a staircase to the Depths.
 28283 | D:15     | Found a sacrificial altar of Ru.
 28356 | D:15     | Reached XP level 16. HP: 140/140 MP: 26/26
 28694 | D:15     | Found Schal's Jewellery Shop.
 28705 | D:15     | Bought an uncursed amulet of faith for 520 gold pieces
 29415 | Spider:1 | Entered Level 1 of the Spider Nest
 30120 | Spider:1 | Noticed Maud
 30123 | Spider:1 | Killed Maud
 30728 | Spider:2 | Received a gift from Okawaru
 30729 | Spider:2 | Got a dazzling leather armour {god gift}
 31110 | Spider:2 | Reached skill level 23 in Crossbows
 31486 | Spider:2 | Identified the +0 leather armour "Ecveps" {Str+4 Dex+1} (Okawaru gifted it to you on level 2 of the Spider Nest)
 31911 | Spider:3 | Noticed Azrael
 31914 | Spider:3 | Killed Azrael
 32286 | Spider:3 | Received a gift from Okawaru
 32296 | Spider:3 | Got an encrusted arbalest {god gift}
 32309 | Spider:3 | Identified the +6 arbalest "Zoqomuro" {freeze, +Inv rN+} (Okawaru gifted it to you on level 3 of the Spider Nest)
 32375 | Spider:3 | Reached XP level 17. HP: 65/150 MP: 27/27
 32727 | Spider:4 | Noticed Mara
 32733 | Spider:4 | Noticed nht's illusion
 32974 | Spider:4 | Noticed Arachne
 33007 | Spider:4 | Killed Arachne
 33066 | Spider:4 | Received a gift from Okawaru
 33378 | Spider:4 | Killed Mara
 33514 | Spider:4 | Received a gift from Okawaru
 33812 | Spider:5 | Entered Level 5 of the Spider Nest
 33889 | Spider:4 | Received a gift from Okawaru
 34151 | Spider:5 | Received a gift from Okawaru
 34394 | Spider:5 | Received a gift from Okawaru
 34395 | Spider:5 | Got a pair of faintly glowing gloves {god gift}
 34406 | Spider:5 | Identified the -2 pair of gloves "Kuuziol" {rElec Dex+2} (Okawaru gifted it to you on level 5 of the Spider Nest)
 34852 | Spider:5 | Got a gossamer rune of Zot
 34891 | Spider:5 | HP: 6/154 [wolf spider (13)]
 34896 | Spider:5 | HP: 5/154 [jumping spider (8)]
 35515 | Spider:5 | Reached skill level 24 in Crossbows
 36338 | Vaults:1 | Entered Level 1 of the Vaults
 36707 | Vaults:1 | Received a gift from Okawaru
 37011 | Vaults:1 | Reached XP level 18. HP: 140/161 MP: 28/28
 37088 | Vaults:1 | Found Avubuut's Book Boutique.
 37446 | Vaults:1 | Received a gift from Okawaru
 37614 | Vaults:1 | Received a gift from Okawaru
 38328 | Vaults:2 | Reached skill level 15 in Fighting
 38436 | Vaults:2 | Received a gift from Okawaru
 38436 | Vaults:2 | Reached skill level 15 in Armour
 38529 | Vaults:2 | Found Gozag's Antique Weapon Boutique.
 38551 | Vaults:2 | Found an opulent altar of Gozag.
 38807 | Vaults:2 | Found Gozag's Antique Armour Shop.
 38817 | Vaults:2 | Found Gozag's Assorted Antiques.
 38832 | Vaults:2 | Bought a garnet ring for 500 gold pieces
 38832 | Vaults:2 | Bought a large bone ring for 500 gold pieces
 39356 | Vaults:2 | Found a staircase to the Crypt.
 39492 | Vaults:2 | Bought an embroidered hat for 400 gold pieces
 39637 | Vaults:3 | Noticed Jorgrun
 39647 | Vaults:3 | Killed Jorgrun
 39713 | Vaults:3 | Received a gift from Okawaru
 39783 | Vaults:3 | Reached skill level 25 in Crossbows
 40048 | Vaults:3 | Received a gift from Okawaru
 40244 | Vaults:3 | Received a gift from Okawaru
 40244 | Vaults:3 | Reached XP level 19. HP: 148/171 MP: 29/29
 40853 | Vaults:4 | Received a gift from Okawaru
 40908 | Vaults:4 | Found a flickering gateway to a bazaar.
 40913 | Bazaar   | Entered a bazaar
 40918 | Bazaar   | Found Shruhin's Jewellery Shop.
 40918 | Bazaar   | Found Piaguv's Book Boutique.
 40928 | Bazaar   | Bought the amulet "Pnum" {rMut Int-3 Dex+2} for 314 gold pieces
 41103 | Vaults:4 | Reached skill level 15 in Dodging
 41243 | Vaults:4 | Received a gift from Okawaru
 41542 | Vaults:4 | Noticed Xtahua
 41546 | Vaults:4 | Killed Xtahua
 42445 | Vaults:5 | Entered Level 5 of the Vaults
 42525 | Vaults:5 | HP: 5/173 [yaktaur captain/bolt (14)]
 42527 | Vaults:5 | Received a gift from Okawaru
 42823 | Vaults:5 | Got a heavily runed glass ring
 42844 | Vaults:5 | Received a gift from Okawaru
 42958 | Vaults:5 | Reached XP level 20. HP: 162/181 MP: 29/29
 42977 | Vaults:5 | Reached skill level 26 in Crossbows
 42999 | Vaults:5 | Noticed an ancient lich
 43009 | Vaults:5 | Killed an ancient lich
 43238 | Vaults:5 | Noticed a golden dragon
 43261 | Vaults:5 | HP: 3/183 [golden dragon/bolt of cold (33)]
 43269 | Vaults:5 | this dispel bullshit
 43270 | Vaults:5 | HP: 9/183 [quicksilver dragon/bolt of dispelling energy (3)]
 43271 | Vaults:5 | Upgraded the game from 0.16-a0-2757-g883b90a to 0.16-a0-2822-gb1d3efb
 43474 | Vaults:4 | Identified the ring of the Harvest {rF+ MR+ Int+2 Slay+4} (You took it off a vault guard on level 5 of the Vaults)
 43649 | Vaults:5 | Found Mnempoer's Armour Shoppe.
 43725 | Vaults:5 | Received a gift from Okawaru
 44435 | Vaults:5 | Killed a golden dragon
 44608 | Vaults:5 | Received a gift from Okawaru
 44802 | Vaults:5 | HP: 8/184 [tengu reaver/long sword of protection (12)]
 44805 | Vaults:5 | Shot themself with a bolt

Action                   |  1- 3 |  4- 6 |  7- 9 | 10-12 | 13-15 | 16-18 | 19-21 || total
-------------------------+-------+-------+-------+-------+-------+-------+-------++-------
Melee: Dagger            |       |       |   232 |   486 |   202 |    15 |       ||   935
       Demon blade       |       |       |       |       |       |     3 |       ||     3
 Fire: Hand crossbow     |    81 |   183 |   156 |   474 |       |       |       ||   894
       Arbalest          |       |       |       |    45 |   966 |  1454 |   672 ||  3137
Invok: Heroism           |       |       |     2 |    15 |     4 |     1 |       ||    22
       Finesse           |       |       |       |     3 |     1 |     1 |       ||     5
Evoke: Wand              |       |       |    27 |    11 |    12 |       |     5 ||    55
  Use: Potion            |       |     1 |     1 |     9 |       |     6 |    21 ||    38
       Scroll            |       |     9 |     6 |    18 |    14 |    10 |    11 ||    68
 Stab: Invisible         |       |       |       |     2 |       |       |       ||     2
       Sleeping          |       |       |       |       |     2 |       |       ||     2
  Eat: Chunk             |       |     7 |    13 |    25 |    29 |    26 |     3 ||   103
       Fruit             |       |       |       |     4 |       |       |     8 ||    12
       Pizza             |       |       |       |     2 |       |     1 |     2 ||     5
       Royal jelly       |       |       |       |     1 |       |     1 |       ||     2
       Beef jerky        |       |       |       |       |     3 |     5 |     1 ||     9
